 Dungeon Crawl Stone Soup version 0.31-a0-981-geadf994542 (webtiles) character file.

Game seed: 3467207750870130645

111 BinkBink the Ducker (level 4, -6/37 HPs)
             Began as a Merfolk Monk on Nov 1, 2023.
             Mangled by Crazy Yiuf
             ... wielding a +2 quarterstaff of chaos
              (13 damage)
             ... on level 2 of the Dungeon.
             The game lasted 00:02:36 (2303 turns).

BinkBink the Ducker (Merfolk Monk)                  Turns: 2303, Time: 00:02:39

Health: -6/37      AC:  3    Str: 11    XL:     4   Next: 92%
Magic:  4/4        EV: 12    Int:  9    God:
Gold:   137        SH:  9    Dex: 18    Spells: 3/3 levels left

rFire   . . .        a - +0 falchion
rCold   . . .        e - +0 kite shield
rNeg    . . .        b - +0 robe
rPois   .            (no helmet)
rElec   .            (no cloak)
rCorr   .            (no gloves)
SInv    .            g - +0 pair of boots
Will    .....        (no amulet)
Stlth   ++           (no ring)
HPRegen 0.26/turn    (no ring)
MPRegen 0.09/turn

%: no passive effects
@: lethally poisoned (-6 -> -15)
A: (nimble swimmer 2), mertail
a: no special abilities


You were on level 2 of the Dungeon.
You visited 1 branch of the dungeon, and saw 2 of its levels.

You collected 137 gold pieces.

Inventory:

Hand Weapons
 a - a +0 falchion (weapon)
Armour
 b - a +0 robe (worn)
 d - an orb of light
 e - a +0 kite shield (worn)
 g - a +0 pair of boots (worn)
Talismans
 m - a maw talisman
Scrolls
 k - a scroll of teleportation {unknown}
Potions
 h - 2 potions of mutation
 i - 4 potions of heal wounds {unknown}
 j - a potion of attraction {unknown}
 l - a potion of lignification {unknown}
 n - a potion of resistance {unknown}
 o - a potion of degeneration {unknown}


   Skills:
 + Level 3.9 Fighting
 + Level 4.3 Long Blades
 * Level 5.4 Dodging
 + Level 1.5 Shields
 + Level 1.0 Shapeshifting


You had 3 spell levels left.
You didn't know any spells.
Your spell library contained the following spells:

 Spells                   Type           Power      Damage    Failure   Level
 Scorch                   Fire           0%         2d5       95%         2
 Flame Wave               Conj/Fire      0%         2d4       100%        4
 Summon Forest            Summ/Tloc      0%         N/A       100%        5
 Eringya's Noxious Bog    Tmut/Pois      0%         4d6       100%        6
 Summon Cactus Giant      Summ           0%         N/A       100%        6
 Summon Hydra             Summ           0%         N/A       100%        7


Dungeon Overview and Level Annotations

Branches:
Dungeon (2/15)

Altars:
Fedhas

Annotations:
D:2 Crazy Yiuf


Innate Abilities, Weirdness & Mutations

((You are very nimble when in or above water. (Stealth+, EV+, Speed+++)))
Your lower body shifts to a powerful aquatic tail in water.


Message History

Things that are here:
a +0 flail; a gnoll corpse
i - 4 bubbling black potions (gained 2)
Found a sling.
You see here a +0 sling.
Things that are here:
a +0 broad axe; a +0 dagger You see here a frilled lizard skeleton.
Found a hammer.
You now have 137 gold pieces (gained 11).
Found a hammer.
Found a hammer.
Found a hammer.
You see here a +0 hammer.
Found a hammer.
Found a runed translucent door.
Crazy Yiuf shouts!
Crazy Yiuf yells, "Flower!"
Crazy Yiuf sings, "Trees, trees, trees, circus!"
Could not explore, unopened runed door.
You open the door.
Crazy Yiuf laughs, "Race childish turtle!"
You hit Crazy Yiuf but do no damage. You block Crazy Yiuf's attack.
You hit Crazy Yiuf but do no damage. You block Crazy Yiuf's attack.
You hit Crazy Yiuf but do no damage.
Crazy Yiuf screams, "Two bag unthinkable!"
Crazy Yiuf hits you with a +2 quarterstaff of chaos!
Crazy Yiuf freezes you.
Crazy Yiuf hits you with a +2 quarterstaff of chaos.
You suddenly lose the ability to move!
Crazy Yiuf hits you with a +2 quarterstaff of chaos!
* * * LOW HITPOINT WARNING * * *
You are lethally poisoned!
You can move again.
You hit Crazy Yiuf.
Crazy Yiuf is lightly wounded.
* * * LOW HITPOINT WARNING * * *
You feel very sick.
Crazy Yiuf waves his quarterstaff at you.
Crazy Yiuf hits you with a +2 quarterstaff of chaos!
You die...

#.###...##....#.#.# ##.
#........#####.##.#######..
#.###...## #.#.#.....[...
#.# ##### #####.######..
#.# #.# ##. ##.# #.# ###.
#..#### ### #.# #...
#..))P## ###..)# #.#####..)
#......####@g...#
#.......†_
##..).P.#..##...#
#.####.... ##)...#.### ###
#.# #.... ######## #.#
##.### #.###.#.## #######
#####.[..###.. #.....#
#.#.#####.#.##
#.###.#####.#.# ##.## #.#
#....##.#.# #.###


You could see Crazy Yiuf.

Vanquished Creatures
  Terence (D:2)
  4 gnolls (D:2)
  An adder (D:2)
  A dart slug (D:1)
  4 endoplasms
  A giant cockroach (D:2)
  4 goblins (D:1)
  2 hobgoblins
  3 kobolds (D:2)
  A quokka (D:2)
  5 ball pythons
  2 bats (D:1)
  2 frilled lizards (D:2)
  5 rats
36 creatures vanquished.

Notes
Turn   | Place    | Note
-------+----------+-------------------------------------------
     0 | D:1      | BinkBink the Merfolk Monk began the quest for the Orb.
     0 | D:1      | Reached XP level 1. HP: 18/18 MP: 1/1
   251 | D:1      | Reached XP level 2. HP: 4/24 MP: 2/2
  1382 | D:2      | Noticed Terence
  1393 | D:2      | Killed Terence
  1394 | D:2      | Reached skill level 1 in Shields
  1394 | D:2      | Reached XP level 3. HP: 17/30 MP: 3/3
  1522 | D:2      | Reached skill level 5 in Dodging
  1649 | D:2      | Reached XP level 4. HP: 20/37 MP: 4/4
  1870 | D:2      | Found a blossoming altar of Fedhas.
  2020 | D:2      | Reached skill level 1 in Shapeshifting
  2294 | D:2      | Found a runed translucent door.
  2295 | D:2      | Noticed Crazy Yiuf
  2301 | D:2      | Paralysed by Crazy Yiuf for 2 turns
  2303 | D:2      | Mangled by Crazy Yiuf

Illustrated notes

Levels and vault maps discovered:
D:1:      lightli_arrival_windingriver, layout_basic,
          chequers_serial_rivers_room_b, minmay_pentomino_r4
D:2:      layout_loops_ring, basic_altar, uniq_crazy_yiuf_cottage, uniq_terence

Skill      XL: |  1  2  3  4 |
---------------+-------------+-----
Long Blades    | 4 |  4.3
Shields        | 1 |  1.5
Dodging        | 5 |  5.4
Shapeshifting  | 1 |  1.0
Fighting       | |  3.9

Action                     |  1- 3 |  4- 6 || total
---------------------------+-------+-------++-------
  Melee: Falchion          |    81 |    46 ||   127
    Use: Scroll            |       |     1 ||     1
         Potion            |       |     1 ||     1
   Stab: Sleeping          |       |     1 ||     1
 Armour: Robe              |    45 |    25 ||    70
  Dodge: Dodged            |    51 |    35 ||    86
  Block: Kite shield       |    37 |    28 ||    65

Table legend: (Time is in decaauts)
 A = Elapsed time spent in this place.
 B = Non-inter-level travel time spent in this place.
 C = Inter-level travel time spent in this place.
 D = Time resting spent in this place.
 E = Time spent auto-exploring this place.
 F = Levels seen in this place.
 G = Mean time per level.
                   A        B        C        D        E       F      G
               +--------+--------+--------+--------+--------+-----+--------+
         Total |   2334 |   2225 |    109 |    421 |   1462 |   2 | 1167.0 |
       Dungeon |   2334 |   2225 |    109 |    421 |   1462 |   2 | 1167.0 |
               +--------+--------+--------+--------+--------+-----+--------+

Top non-repeatable levels by time:
     D:1: 1256 daAuts
     D:2: 1077 daAuts
